cohdb
Replays
Latest Replays
All Replays
Popular Replays
Top Player Replays
Match Explorer
How It Works
Community
CoH3 Stats
Reddit
Sign in to upload your games and track your stats! →
Sign in with Steam
Match 36372118
Unlisted
Match 36372118
Overview
Messages
Build Orders
End
Construct Infanterie Kompanie
Selects Breakthrough Battlegroup
Selects Assault Grenadiers
Grenadier Squad
Grenadier Squad
MG 42 Machine Gun Team
Construct Panzergrenadier Kompanie
Panzergrenadier Squad
Support Elements
Selects Smoke Bombing Run
StuG III G Assault Gun
Selects Incendiary Bombing Run
Nebelwerfer 42 Rocket Launcher Team
Pioneer Squad
Medical Station
Incendiary Bombing Run
StuG III G Assault Gun
Panzergrenadier Officer Quarters
Selects 2.5-tonne Cargo Truck
2.5-tonne Cargo Truck
Construct Panzer Kompanie
Selects Blitzkrieg
Pioneer Squad
Smoke Bombing Run
ZeroEres
(GER) Eric
Zoni
Starfucker
DebaKLe
Yaas
0
0
Comments
sign in to comment!
No comments posted yet!